Unix NetHack Version 5.0.0-0 post-release - last build May  4 2026 22:22:43 (774f63e81ad911689b3a0859ea89b322d5daca8d,branch:main).

Game began 2026-05-10 09:50:02, ended 2026-05-10 11:30:10.

246786432, neutral female human Barbarian

                                  ---------------
 --------------                 ##............<.-##
 |............|                 # |.............| #
 |............|               ### --.---------.--  #
 |........!...-##             #     #         #########
 -----|--------               #     #####             ###
     ##                       #         ##              ###
     #                   ######          #             ---.-------
     #                  ##               #             |..........##
     #                 ##                ##            |........%| #
     #               ###          --------.--          |.....[...| #
 ----|------   #######            |.....:...|      ####..........| #
 |.........-####                  |..@.>....| ######   |.....|...| #####
 |.........|                      |..........##        -----------     #
 |.........|                     #..........|                          #
 -----------                      -----------

246786432 the Pillager     St:18 Dx:18 Co:18 In:7 Wi:7 Ch:7  Neutral
Dlvl:5  $:37 HP:0(51) Pw:10(10) AC:8  Xp:5 T:1959 

Latest messages:
 You can't go down here.
 You climb up the stairs.
 You find a hidden door.
 You are beginning to feel hungry.
 The door opens.
 You are carrying too much to get through.
 You are carrying too much to get through.
 What do you want to eat? [dmH or ?*] ?
 This food really hits the spot!
 You finish eating the food ration.
 You descend the stairs.
 You hear someone cursing shoplifters.
 You descend the stairs.
 You can't go down here.
 You descend the stairs.
 You see here a scale mail.
 The giant bat bites!
 The giant bat just misses!
 What do you want to throw? [$abkp-swABE or ?*] ?
 In what direction? 6
 The two-handed sword misses the giant bat.
 The giant bat bites!
 The giant bat bites!
 What do you want to throw? [$bkp-swABE or ?*] ?
 In what direction? 6
 The dagger hits the giant bat.
 The giant bat bites!
 The giant bat bites!
 You smite the giant bat.
 The giant bat bites!
 The giant bat bites!
 You smite the giant bat.
 The giant bat bites!
 The giant bat bites!
 You smite the giant bat.
 The giant bat bites!
 The giant bat bites!
 You miss the giant bat.
 The giant bat bites!
 You see here a scale mail.
 The gecko bites!
 You climb up the stairs.
 You fall into a pit!
 You land on a set of sharp iron spikes!
 You die...
 Do you want your possessions identified? [ynq] (y) y
 Do you want to see your attributes? [ynq] (y) y
 Do you want an account of creatures vanquished? [ynaq] (y) y
 Do you want to see your conduct and achievements? [ynq] (y) y
 Do you want to see the dungeon overview? [ynq] (y) y

Inventory:
 Coins    ('$')
  $ - 37 gold pieces
 Weapons  (')')
  p - 9 +1 arrows
  q - 10 +0 crossbow bolts
  r - a +0 bow
  E - a +0 dart
  s - a +0 dagger (at the ready)
  k - a cursed +0 knife
  D - a +0 orcish dagger (weapon in right hand)
  b - a +0 axe
  w - a +0 long sword
  A - a +0 scimitar
  B - a cursed -1 short sword
 Armor    ('[')
  l - an uncursed +0 orcish helm
  h - an uncursed +0 pair of jumping boots
  i - an uncursed +0 elven cloak
  F - a blessed +0 mummy wrapping
  c - an uncursed rusty +0 ring mail (being worn)
 Comestibles  ('%')
  H - an uncursed partly eaten food ration
  m - an uncursed lembas wafer
 Scrolls  ('?')
  v - a blessed scroll of confuse monster
  y - an uncursed scroll of create monster
  o - an uncursed scroll of scare monster
  n - a cursed scroll of taming
 Spellbooks  ('+')
  e - an uncursed spellbook of chain lightning
  f - an uncursed spellbook of dig
 Tools    ('(')
  z - an uncursed bell
  G - an uncursed lock pick

246786432 the Barbarian's attributes:

Background:
 You were a Pillager, a level 5 female human Barbarian.
 You were neutral, nominally on a mission for Crom
 who was opposed by Mitra (lawful) and Set (chaotic).
 You were right-handed.
 You were in the Dungeons of Doom, on level 5.
 You entered the dungeon 1959 turns ago.
 You had 222 experience points, 98 more were needed to attain level 6.

Basics:
 You had 0 out of 51 hit points.
 You had all 10 energy points (spell power).
 Your armor class was 8.
 Your wallet contained 37 zorkmids.
 Autopickup was off.

Final Characteristics:
 Your strength was 18 (limit:18/100).
 Your dexterity was 18 (limit:18).
 Your constitution was 18 (limit:18).
 Your intelligence was 7 (limit:18).
 Your wisdom was 7 (limit:18).
 Your charisma was 7 (limit:18).

Final Status:
 You were trapped in a spiked pit.
 You weren't hungry.
 You were unencumbered.
 You were wielding a dagger.
 You were unskilled in dagger.

Final Attributes:
 You were devoutly aligned.
 You were poison resistant.
 You were warded.
 You are dead.

Miscellaneous:
 You didn't encounter any bones levels.
 Total elapsed playing time was 31 minutes and 27 seconds.

Major events:
 Turn
    1: 246786432 the neutral female human Barbarian entered the dungeon
  625: attained the rank of Pillager (level 3)
 1959: fell into a pit of iron spikes

You didn't know any spells.

Skills:
 Fighting Skills
   bare handed combat [Basic]
   two weapon combat  [Unskilled]
   riding             [Unskilled]
 Weapon Skills
   dagger             [Unskilled]
   axe                [Basic]
   pick-axe           [Unskilled]
   short sword        [Unskilled]
   broadsword         [Unskilled]
   long sword         [Unskilled]
   two-handed sword   [Basic]
   saber              [Unskilled]
   club               [Unskilled]
   mace               [Unskilled]
   morning star       [Unskilled]
   flail              [Unskilled]
   hammer             [Unskilled]
   quarterstaff       [Unskilled]
   spear              [Unskilled]
   trident            [Unskilled]
   bow                [Unskilled]
 Spellcasting Skills
   attack spells      [Unskilled]
   escape spells      [Unskilled]

Voluntary challenges:
 Character rerolling was not enabled.
 You were an atheist.
 You were illiterate.
 You never genocided any monsters.
 You never polymorphed an object.
 You never changed form.
 You used no wishes.
Achievements:
 You attained the rank of Pillager.
 You entered a shop.

 The Dungeons of Doom: levels 1 to 7
    Level 1:
       Some fountains.
    Level 2:
    Level 3:
    Level 4:
       A weapon shop, a fountain.
    Level 5: <- You were here.
       A grave.
       Final resting place for
          you, fell into a pit of iron spikes.
    Level 6:
    Level 7:


Vanquished creatures:
  a rock mole
  a yellow light
  a gnomish wizard
  a kobold mummy
  a gray ooze
  2 floating eyes
  a dwarf
  5 hill orcs
  a giant bat
  a werejackal
  2 iguanas
  a gnome zombie
  3 geckos
  4 jackals
  2 foxes
  a kobold
  2 goblins
  2 grid bugs
  4 lichens
  2 newts
38 creatures vanquished.

No species were genocided or became extinct.

Game over:
                       ----------
                      /          \
                     /    REST    \
                    /      IN      \
                   /     PEACE      \
                  /                  \
                  |    246786432     |
                  |      37 Au       |
                  | fell into a pit  |
                  |  of iron spikes  |
                  |                  |
                  |                  |
                  |       2026       |
                 *|     *  *  *      | *
        _________)/\\_//(\/(/\)/\//\/|_)_______

Goodbye 246786432 the Barbarian...

You died in The Dungeons of Doom on dungeon level 5 with 1222 points,
and 37 pieces of gold, after 1959 moves.
You were level 5 with a maximum of 51 hit points when you died.

